 Dungeon Crawl Stone Soup version 0.28.0-53-g5a82cb258f (webtiles) character file.

Game seed: 2318916955099877263

7 Raiden350 the Caller (level 1, 0/7 HPs)
             Began as a Felid Summoner on July 17, 2022.
             Killed from afar by a dart slug (3 damage)
             ... with a slug dart
             ... on level 1 of the Dungeon.
             The game lasted 00:03:07 (503 turns).

Raiden350 the Caller (Felid Summoner)                Turns: 503, Time: 00:03:08

Health: 0/7        AC:  1    Str:  4    XL:     1   Next: 91%
Magic:  4/4        EV: 17    Int: 16    God:
Gold:   39         SH:  0    Dex: 16    Spells: 3/4 levels left
                                        Lives:  0   Deaths: 0

rFire   . . .      SeeInvis +   (weapon unavailable)
rCold   . . .      Faith    .   (shield unavailable)
rNeg    . . .      Spirit   .   (armour unavailable)
rPois   .          Reflect  .   (helmet unavailable)
rElec   .          Harm     .   (cloak unavailable)
rCorr   .          Rampage  .   (gloves unavailable)
Will    .....                   (boots unavailable)
Stlth   ++........              (no amulet)
HPRegen 0.02/turn               (no ring)
MPRegen 0.09/turn               (no ring)

@: quick
A: very small, claws 1, fangs 3, see invisible, speed 1, shaggy fur 1, stealthy
paws, no weapons or thrown items, no armour, multi-lived
a: no special abilities


You were on level 1 of the Dungeon.
You visited 1 branch of the dungeon, and saw 1 of its levels.

You collected 39 gold pieces.

Inventory:

Hand Weapons
 d - a +1 dagger of holy wrath
Scrolls
 c - a scroll of teleportation {unknown}
 f - a scroll of identify {unknown}
Potions
 a - a potion of might {unknown}
 b - a potion of resistance {unknown}
 e - a potion of flight {unknown}
 g - a potion of curing {unknown}


   Skills:
 - Level 2.6 Dodging
 - Level 2.6 Stealth
 + Level 2.3 Spellcasting
 + Level 4.2 Summonings


You had 3 spell levels left.
You knew the following spells:

 Your Spells              Type           Power      Damage    Failure   Level
a - Summon Small Mammal   Summ           60%        N/A       3%          1

Your spell library contained the following spells:

 Spells                   Type           Power      Damage    Failure   Level
 Call Imp                 Summ           15%        N/A       5%          2
 Call Canine Familiar     Summ           15%        N/A       11%         3
 Summon Guardian Golem    Hex/Summ       8%         N/A       26%         3
 Summon Lightning Spire   Summ/Air       8%         N/A       63%         4


Dungeon Overview and Level Annotations

Branches:
Dungeon (1/15)

Altars:


Innate Abilities, Weirdness & Mutations

You have sharp claws.
You have razor-sharp teeth.
You have supernaturally acute eyesight. (SInv)
You cover ground quickly. (Speed+)
You are covered in fur. (AC +1)
Your paws help you pounce on unaware monsters.
You are incapable of wielding weapons or throwing items.
You cannot wear armour.
You gain extra lives every three experience levels.


Message History

You are too injured to fight recklessly!
Okay, then.
You are too injured to fight recklessly!
You are too injured to fight recklessly!
You are too injured to fight recklessly!
You are too injured to fight recklessly!
You are too injured to fight recklessly!
You are too injured to fight recklessly!
You are too injured to fight recklessly!
You are too injured to fight recklessly!
You are too injured to fight recklessly!
Your rat completely misses the dart slug.
The dart slug bites your rat but does no damage.
Your rat bites the dart slug.
Your rat bites the dart slug.
The dart slug bites your rat.
Your rat dies!
Your rat's corpse disappears in a puff of smoke!
You are too injured to fight recklessly!
The dart slug launches a dart at you. The slug dart misses you.
The dart slug launches a dart at you. The slug dart misses you.
You open the door.
There is an open door here.
You are too injured to fight recklessly!
You are too injured to fight recklessly!
You are too injured to fight recklessly!
You are too injured to fight recklessly!
You are too injured to fight recklessly!
Found a dagger.
Found a sedimented red potion.
The dart slug launches a dart at you. The slug dart hits you.
You die...

#......#####
#.#.#.........
#........####
#.....#w.#
##...##'##
##.###.##
#$.#8.8# #.
##.## #+ #@#
#8.8# ##.##
#.# 8.8 #)#
#.# .!.


You could see a dart slug.

Vanquished Creatures
  An endoplasm (D:1)
1 creature vanquished.

Vanquished Creatures (collateral kills)
  A ball python (D:1)
  An endoplasm (D:1)
  A goblin (D:1)
  A bat (D:1)
  2 frilled lizards (D:1)
6 creatures vanquished.

Grand Total: 7 creatures vanquished

Notes
Turn   | Place    | Note
-------+----------+-------------------------------------------
     0 | D:1      | Raiden350 the Felid Summoner began the quest for the Orb.
     0 | D:1      | Reached XP level 1. HP: 7/7 MP: 4/4
   503 | D:1      | Killed from afar by a dart slug

Illustrated notes

Levels and vault maps discovered:
D:1:      nzn_arrival_depleted_hourglass, layout_loops_corners,
          dk_noncrumbling_2

Action                   || total
-------------------------++-------
Melee: Unarmed           ||     2
 Cast: Summon Small Mamm ||    15
 Stab: Sleeping          ||     1
Dodge: Dodged            ||     5
